 Dungeon Crawl Stone Soup version 0.30-a0-385-gfebfb9b408 (webtiles) character file.

Game seed: 16627045005376797990

1750 p00ps00p the Chopper (level 9, -8/80 HPs)
             Began as a Hill Orc Fighter on Dec 3, 2022.
             Was an Initiate of Gozag.
             Mangled by a two-headed ogre
             ... wielding a +0 dire flail
              (24 damage)
             ... on level 6 of the Dungeon.
             The game lasted 00:08:25 (6151 turns).

p00ps00p the Chopper (Hill Orc Fighter)             Turns: 6151, Time: 00:08:26

Health: -8/80      AC: 13    Str: 23    XL:     9   Next: 6%
Magic:  9/9        EV:  8    Int:  8    God:    Gozag
Gold:   153        SH:  0    Dex: 10    Spells: 8/8 levels left

rFire   . . .      SeeInvis .    n - +1 battleaxe (vorpal)
rCold   . . .      Faith    .    (shield currently unavailable)
rNeg    . . .      Spirit   .    l - +2 chain mail
rPois   .          Reflect  .    (no helmet)
rElec   .          Harm     .    (no cloak)
rCorr   .          Rampage  .    m - +0 pair of gloves
Will    .....                    (no boots)
Stlth   ..........               (no amulet)
HPRegen 0.33/turn                (no ring)
MPRegen 0.11/turn                (no ring)

@: no status effects
A: no striking features
a: Renounce Religion, Potion Petition, Call Merchant, Bribe Branch


You were on level 6 of the Dungeon.
You worshipped Gozag.
Gozag was aware of your devotion.
You visited 2 branches of the dungeon, and saw 7 of its levels.

You collected 229 gold pieces.
You paid 76 gold pieces to Gozag.

Inventory:

Hand Weapons
 a - a +0 war axe
 n - a +1 vorpal battleaxe (weapon)
 u - a +1 hand axe of freezing
Missiles
 t - 10 boomerangs (quivered)
 x - 2 throwing nets
Armour
 c - a +0 buckler
 l - a +2 chain mail (worn)
 m - a +0 pair of gloves (worn)
Wands
 b - a wand of charming (14)
 o - a wand of digging (3)
Scrolls
 g - 3 scrolls of identify
 q - 2 scrolls of teleportation
Potions
 d - a potion of might
 e - 3 potions of curing
 f - a potion of heal wounds {unknown}
 h - 3 potions of attraction {unknown}
 i - a potion of haste {unknown}
 j - a potion of resistance {unknown}
 k - a potion of ambrosia {unknown}
 p - 2 potions of magic {unknown}
 r - a potion of berserk rage {unknown}
 s - 2 potions of degeneration {unknown}
 v - a potion of invisibility {unknown}
 w - a potion of flight {unknown}


   Skills:
 + Level 7.7 Fighting
 + Level 7.8 Axes
 + Level 7.0 Armour
 + Level 7.0 Shields


You had 8 spell levels left.
You didn't know any spells.
Your spell library contained the following spells:

 Spells                   Type           Power      Damage    Failure   Level
 Summon Small Mammal      Summ           0%         N/A       96%         1
 Call Canine Familiar     Summ           0%         N/A       100%        3
 Inner Flame              Hex/Fire       0%         N/A       100%        3
 Summon Guardian Golem    Hex/Summ       0%         N/A       100%        3
 Cause Fear               Hex            0%         N/A       100%        4
 Blade Hands              Tmut           0%         N/A       100%        5
 Irradiate                Conj/Tmut      0%         3d11      100%        5
 Dragon Form              Tmut           0%         N/A       100%        7
 Discord                  Hex            0%         N/A       100%        8


Dungeon Overview and Level Annotations

Branches:
Dungeon (6/15)             Temple (1/1) D:6

Altars:
Ashenzari
Cheibriados
Dithmenos
Elyvilon
Fedhas
Gozag
Makhleb
Okawaru
Qazlal
Ru
Trog
Uskayaw
Wu Jian
Xom
Yredelemnul
Zin

Shops:
D:2 =   D:5 *(


Message History

There is a staircase to the Ecumenical Temple here.
Things that are here:
a +0 flail; a +0 halberd; a gnoll skeleton
x - 2 throwing nets You see here a +0 flail.
You now have 140 gold pieces (gained 7).
Found a stone staircase leading down.
You now have 153 gold pieces (gained 13).
You open the door.
An iguana and a two-headed ogre come into view.
The iguana hisses angrily.
The two-headed ogre shouts in stereo!
Found 15 gold pieces and a scroll labelled ZASTOYD LACSU.
There are monsters nearby!
There are monsters nearby!
There are monsters nearby!
You barely miss the two-headed ogre.
The two-headed ogre hits you with a +0 dire flail!
The two-headed ogre closely misses you.
An ufetubus comes into view.
You slash the two-headed ogre!
The two-headed ogre is lightly wounded.
The two-headed ogre hits you with a +0 dire flail.
The two-headed ogre hits you with a +0 giant club!
You slash the two-headed ogre!
The two-headed ogre is heavily wounded.
You hear a shout!
The two-headed ogre hits you with a +0 dire flail!!
The two-headed ogre hits you with a +0 giant club.
You slice the two-headed ogre!!
The two-headed ogre is almost dead.
A gnoll bouda comes into view. It is wielding a +0 quarterstaff.
The two-headed ogre hits you but does no damage.
The two-headed ogre hits you with a +0 giant club!
* * * LOW HITPOINT WARNING * * *
You hit the two-headed ogre but do no damage.
The two-headed ogre is almost dead.
The two-headed ogre hits you but does no damage.
The two-headed ogre hits you with a +0 giant club!!
You die...
Your body crumbles into a pile of gold.

..## ##..#..## #..####
####..###..# #.....#######....##
##.#####
##.......##.......#.#......##
......##....#..#.##.##.#....#####
...#..........####. ####....^...
>..###.####..##?lg ##..#####
..)#...####...##O# ####..######
...))..........#@## ##.#..##.....
##.[.#............# #....###.....
#...##...........## ##.### #.....
#..###.......)....###..# ######
...# #.............#..## # ...#
#........###.....# #
...###........# #..##.# #
..............# #.....# #
..............# #.##### #


You could see a two-headed ogre, a gnoll bouda and an iguana.

Vanquished Creatures
  Grinder (D:4)
  Eustachio (D:5)
  Menkaure (D:4)
  Edmund (D:4)
  A water moccasin (D:5)
  A black bear (D:4)
  2 ogres
  3 phantoms
  Blork the orc (D:4)
  A scorpion (D:5)
  A howler monkey (D:6)
  A jelly (D:5)
  A gnoll bouda (D:6)
  2 orc wizards (D:4)
  Natasha (thrice) (D:2)
  3 iguanas
  4 gnolls (D:6)
  4 adders
  A white imp (D:6)
  An ufetubus (D:5)
  A worm (D:2)
  A dart slug (D:4)
  8 orcs
  5 bats
  4 endoplasms
  5 giant cockroaches
  8 goblins
  7 hobgoblins
  10 jackals
  3 ball pythons
  4 frilled lizards
  3 kobolds
  9 rats
  A butterfly (D:3)
103 creatures vanquished.

Notes
Turn   | Place    | Note
-------+----------+-------------------------------------------
     0 | D:1      | p00ps00p the Hill Orc Fighter began the quest for the Orb.
     0 | D:1      | Reached XP level 1. HP: 19/19 MP: 1/1
   222 | D:1      | Reached XP level 2. HP: 27/27 MP: 2/2
   477 | D:1      | Reached XP level 3. HP: 31/33 MP: 3/3
   677 | D:2      | Found Arehiss's Jewellery Shop.
   704 | D:2      | Noticed Natasha
   717 | D:2      | Killed Natasha
   726 | D:2      | Noticed Natasha
   733 | D:2      | Killed Natasha
   734 | D:2      | Reached XP level 4. HP: 15/41 MP: 4/4
  1332 | D:2      | Noticed Natasha
  1337 | D:2      | Killed Natasha
  1338 | D:2      | Reached XP level 5. HP: 47/47 MP: 5/5
  1699 | D:3      | Found a stormy altar of Qazlal.
  1856 | D:3      | Found a shimmering altar of Xom.
  2029 | D:3      | Found a faded altar of an unknown god.
  2089 | D:3      | Found a white marble altar of Elyvilon.
  2142 | D:3      | Found a hide-covered altar of Uskayaw.
  2461 | D:4      | Noticed Grinder
  2464 | D:4      | Noticed Menkaure
  2469 | D:4      | Killed Grinder
  2470 | D:4      | Reached skill level 5 in Fighting
  2470 | D:4      | Reached XP level 6. HP: 37/56 MP: 6/6
  2472 | D:4      | Killed Menkaure
  2473 | D:4      | Reached skill level 5 in Axes
  2473 | D:4      | Reached skill level 5 in Armour
  2473 | D:4      | Reached skill level 5 in Shields
  2473 | D:4      | Reached XP level 7. HP: 28/61 MP: 7/7
  3651 | D:4      | Reached XP level 8. HP: 67/71 MP: 8/8
  3735 | D:4      | Noticed Blork the orc
  3746 | D:4      | Killed Blork the orc
  3774 | D:4      | Noticed Edmund
  3794 | D:4      | Killed Edmund
  4331 | D:5      | Entered Level 5 of the Dungeon
  4340 | D:5      | Found Covu's Antique Weapon Shoppe.
  4525 | D:5      | Noticed Eustachio
  4561 | D:5      | Killed Eustachio
  4628 | D:5      | Found Dija's General Store.
  4854 | D:5      | Found a bloodstained altar of Trog.
  4876 | D:5      | Found a snail-covered altar of Cheibriados.
  5484 | D:6      | Found an ornate altar of the Wu Jian Council.
  5685 | D:6      | Reached XP level 9. HP: 74/79 MP: 9/9
  5701 | D:6      | Found a staircase to the Ecumenical Temple.
  5720 | Temple   | Entered the Ecumenical Temple
  6021 | Temple   | Became a worshipper of Gozag Ym Sagoz the Greedy
  6146 | D:6      | Noticed a two-headed ogre
  6151 | D:6      | Mangled by a two-headed ogre

Illustrated notes

Levels and vault maps discovered:
D:1:      eino_arrival_druids_welcome, layout_basic, minivault_14, hex_large,
          dk_noncrumbling_4, minmay_pentomino_p4
D:2:      layout_basic, serial_shops, shop_fountains, dk_noncrumbling_3,
          uniq_natasha
D:3:      layout_basic, mainiacjoe_overflow_boulevard, xom_butterflies,
          eat_drink_and_be_merry_uskayaw, elyvilon_altar_1,
          shapermc_ecumenical_altar_mp_highgroup, supply_closet_lemuel,
          minmay_curled_crystal
D:4:      layout_basic, uniq_edmund, uniq_grinder, uniq_blork_the_orc,
          uniq_menkaure
D:5:      layout_basic, mainiacjoe_overflow_alcove_2, overflow_temple_1_default,
          serial_shops, nicolae_diamond_shop, nicolae_diamond_shop,
          uniq_eustachio
D:6:      layout_basic, general_overflow_altar, minmay_temple_entry_tees,
          minmay_fractal_squares_gapless_5
Temple:   grunt_temple_mini_profane

Skill      XL: |  1  2  3  4  5  6  7  8  9 |
---------------+----------------------------+-----
Axes           | 3 4 5 6 7 |  7.8
Fighting       | 4 5 6 7 |  7.7
Armour         | 4 5 6 7 |  7.0
Shields        | 4 5 6 7 |  7.0

Action                   |  1- 3 |  4- 6 |  7- 9 || total
-------------------------+-------+-------+-------++-------
Melee: War axe           |    57 |    28 |       ||    85
       Battleaxe         |       |    55 |   165 ||   220
  Use: Scroll            |     3 |     1 |     4 ||     8
Armor: Scale mail        |    24 |       |       ||    24
       Chain mail        |       |    50 |   109 ||   159
Dodge: Dodged            |    28 |    34 |    66 ||   128
Block: Buckler           |    21 |     6 |       ||    27

Table legend: (Time is in decaauts)
 A = Elapsed time spent in this place.
 B = Non-inter-level travel time spent in this place.
 C = Inter-level travel time spent in this place.
 D = Time resting spent in this place.
 E = Time spent auto-exploring this place.
 F = Levels seen in this place.
 G = Mean time per level.
                   A        B        C        D        E       F      G
               +--------+--------+--------+--------+--------+-----+--------+
         Total |   6288 |   5997 |    291 |    948 |   4078 |   7 |  898.3 |
       Dungeon |   5962 |   5713 |    249 |    948 |   3805 |   6 |  993.7 |
        Temple |    325 |    283 |     42 |      0 |    273 |   1 |  325.0 |
               +--------+--------+--------+--------+--------+-----+--------+

Top non-repeatable levels by time:
     D:4: 1902 daAuts
     D:3: 1016 daAuts
     D:5: 934 daAuts
     D:2: 827 daAuts
     D:1: 690 daAuts
     D:6: 590 daAuts
  Temple: 325 daAuts
